 Dungeon Crawl Stone Soup version 0.18-a0-1542-g9c1a92e (webtiles) character file.

42 Ratboiler the Sneak (level 3, -4/17 HPs)
             Began as a Felid Wanderer on Mar 10, 2016.
             Slain by a worm (8 damage)
             ... on level 2 of the Dungeon.
             The game lasted 00:01:39 (1522 turns).

Ratboiler the Sneak (Felid Wanderer)                Turns: 1522, Time: 00:01:40

Health: -4/17      AC:  1    Str:  8    XL:     3   Next: 33%
Magic:  5/5        EV: 17    Int: 16    God:
Gold:   77         SH:  0    Dex: 13    Spells: 0 memorised, 2 levels left
                                        Lives:  0   Deaths: 0

rFire  . . .     SeeInvis +       - Unarmed
rCold  . . .     Gourm    .     (armour unavailable)
rNeg   . . .     Faith    .     (shield unavailable)
rPois  .         Spirit   .     (helmet unavailable)
rElec  .         Dismiss  .     (cloak unavailable)
rCorr  .         Reflect  .     (gloves unavailable)
SustAt .         Harm     .     (boots unavailable)
MR     .....                    (no amulet)
Stlth  +++.......               (no ring)
                                (no ring)

@: quick, not resistant to hostile enchantments, fairly stealthy
A: no armour, no weapons or thrown items, claws 1, fangs 3, see invisible,
carnivore 3, speed 1, shaggy fur 1, slow metabolism 1, sharp paws
a: no special abilities


You were on level 2 of the Dungeon.
You were not hungry.

You visited 1 branch of the dungeon, and saw 2 of its levels.

You collected 77 gold pieces.

Inventory:

Scrolls
 a - a scroll of fear
 c - 2 scrolls of teleportation
 e - 2 scrolls of identify {unknown}
 g - 2 scrolls of remove curse {unknown}
 l - a scroll of random uselessness {unknown}
Potions
 d - a potion of lignification
 h - 2 potions of curing {unknown}
 j - a potion of degeneration {unknown}
 k - a potion of mutation {unknown}
Comestibles
 b - a slice of pizza
 f - 2 meat rations
 i - a beef jerky


   Skills:
 - Level 3.0 Fighting
 - Level 2.6 Dodging
 + Level 3.3 Stealth
 + Level 3.1 Unarmed Combat
   Level 2.1 Evocations


You had 2 spell levels left.
You didn't know any spells.

Dungeon Overview and Level Annotations

Branches:
Dungeon (2/15)

Altars:


Innate Abilities, Weirdness & Mutations

You cannot wear armour.
You are incapable of wielding weapons or throwing items.
You have sharp claws.
You have razor-sharp teeth.
You have supernaturally acute eyesight.
You are carnivorous and can eat meat at any time.
You cover ground quickly.
You are covered in fur (AC +1).
You have a slow metabolism.
Your sharp claws are effective at attacking unaware monsters.


Message History

You scratch the worm.
The worm is heavily wounded.
The worm bites you!
You are too injured to fight recklessly!
You are too injured to fight recklessly!
You are too injured to fight recklessly!
You are too injured to fight recklessly!
You are too injured to fight recklessly!
You scratch the goblin.
You kill the goblin!
You barely miss the worm.
The worm is moderately wounded.
The worm bites you.
* * * LOW HITPOINT WARNING * * *
You scratch the worm. You bite the worm.
The worm is almost dead.
You barely miss the worm.
The worm is almost dead.
The worm bites you!
You die...

######### ####.(.....#
##..........# #.# ............#
#..# # .................
####...# #.#.(...#
#......###.#...#.##
#....#..##........
#.w@.##.##.##...
#...?##..#.##.###### ....#
####$..?..###.#....#....#
....##..........###..###.#.##.#
....+................###......#
...#.................##.#.####
......######........##.#...##
#[....# #........<.......#
##.....## #.......#.#.#.#..#


You could see a worm.

Vanquished Creatures
  2 adders (D:2)
  A dart slug (D:1)
  A giant gecko (D:1)
  2 bats
  A giant cockroach (D:1)
  5 goblins
  3 hobgoblins (D:1)
  2 giant newts (D:1)
  A kobold (D:1)
  4 rats
22 creatures vanquished.

Notes
Turn   | Place    | Note
--------------------------------------------------------------
     0 | D:1      | Ratboiler the Felid Wanderer began the quest for the Orb.
     0 | D:1      | Ratboiler set off with: a scroll of fear, a potion of berserk rage, a scroll of teleportation, a potion of lignification, a meat ration
     0 | D:1      | Reached XP level 1. HP: 10/10 MP: 3/3
   244 | D:1      | Reached XP level 2. HP: 9/14 MP: 4/4
  1201 | D:2      | Reached XP level 3. HP: 14/17 MP: 5/5
  1522 | D:2      | Slain by a worm

Vault maps used:
D:1:      nagdon_arrival_zigzag_paths, solitary_fountain, lemuel_flame_loot_1
D:2:      uniq_iyjb

Skill      XL: |  1  2  3 |
---------------+----------+-----
Stealth        | 2 3 |  3.3
Unarmed Combat | 3 |  3.1
Fighting       | |  3.0
Dodging        | |  2.6
Evocations     | |  2.1

Action                   || total
-------------------------++-------
Melee: Unarmed           ||    65
  Use: Potion            ||     1
 Stab: Sleeping          ||     3
  Eat: Chunk             ||     4
